 Dungeon Crawl Stone Soup version 0.29-a0-283-ga02f740833 (webtiles) character file.

Game seed: 7201527577475020893

70455 horus123 the Fighter (level 14, -6/133 HPs)
             Began as a Demigod Conjurer on Mar 13, 2022.
             Mangled by a dire elephant simulacrum (9 damage)
             ... on level 6 of the Lair of Beasts.
             The game lasted 01:31:00 (28284 turns).

horus123 the Fighter (Demigod Conjurer)            Turns: 28284, Time: 01:31:01

Health: -6/133     AC: 13    Str: 18    XL:     14   Next: 52%
Magic:  13/36      EV: 11    Int: 48    God:
Gold:   2555       SH:  0    Dex: 12    Spells: 2/39 levels left

rFire   . . .      SeeInvis +   s - +5 spear "Plog" {drain, Int+7}
rCold   + . .      Faith    .   (no shield)
rNeg    . . .      Spirit   .   r - +2 leather armour of Ybrien {rElec rC+ rCorr Int+6}
rPois   .          Reflect  .   e - +2 helmet
rElec   +          Harm     .   O - +2 cloak {Stlth+}
rCorr   +          Rampage  .   g - +0 pair of gloves
Will    +....                   (no boots)
Stlth   +++.......              M - amulet "Aprekluh" {RegenMP rElec Int+3}
HPRegen 0.32/turn               T - +6 ring of strength
MPRegen 0.65/turn               H - ring of see invisible

@: no status effects
A: high MP 1, forlorn, divine attributes
a: no special abilities


You were on level 6 of the Lair of Beasts.
You visited 2 branches of the dungeon, and saw 18 of its levels.
You also visited: Sewer.

You collected 2555 gold pieces.

Inventory:

Hand Weapons
 s - the +5 spear "Plog" (weapon) {drain, Int+7}
   (You found it in a sewer)

   A truly terrible weapon, it drains the life of any living foe it strikes.
   Int:       It affects your intelligence (+7).
Armour
 e - a +2 helmet (worn)
 g - a +0 pair of gloves (worn)
 r - the +2 leather armour of Ybrien (worn) {rElec rC+ rCorr Int+6}
   (You found it on level 6 of the Dungeon)

   Int:       It affects your intelligence (+6).
   rC:        It protects you from cold.
   rElec:     It insulates you from electricity.
   rCorr:     It protects you from acid and corrosion.
 O - a +2 cloak of stealth (worn)
Jewellery
 f - a ring of protection from fire
 A - a +4 ring of evasion
 H - a ring of see invisible (right hand)
 M - the amulet "Aprekluh" (around neck) {RegenMP rElec Int+3}
   (You took it off a yaktaur on level 11 of the Dungeon)

   [amulet of magic regeneration]

   It increases your rate of magic regeneration.
   Int:       It affects your intelligence (+3).
   rElec:     It insulates you from electricity.
 T - a +6 ring of strength (left hand)
Wands
 n - a wand of flame (55)
 u - a wand of polymorph (11)
 v - a wand of acid (12)
 y - a wand of iceblast (14)
 B - a wand of mindburst (26)
 C - a wand of digging (7)
 K - a wand of paralysis (8)
Scrolls
 a - 2 scrolls of fear
 h - 3 scrolls of silence
 k - 5 scrolls of vulnerability
 l - a scroll of magic mapping
 m - a scroll of amnesia
 p - 5 scrolls of teleportation
 F - 3 scrolls of fog
Potions
 b - 4 potions of flight
 c - 3 potions of cancellation
 d - 5 potions of invisibility
 i - 5 potions of curing
 j - 2 potions of berserk rage
 o - 2 potions of mutation
 q - 6 potions of heal wounds
 w - a potion of lignification
 x - 3 potions of might
 z - 4 potions of degeneration
 E - 2 potions of brilliance
 I - 2 potions of attraction
 J - a potion of haste
 S - a potion of resistance {unknown}
Miscellaneous
 t - a phial of floods
 D - a phantom mirror
 P - a box of beasts


   Skills:
 + Level 14.3 Fighting
 - Level 5.0 Armour
 - Level 1.7 Dodging
 - Level 1.7 Stealth
 - Level 13.0 Spellcasting
 - Level 13.4 Conjurations
 - Level 5.2 Translocations
 - Level 8.1 Air Magic


You had 2 spell levels left.
You knew the following spells:

 Your Spells              Type           Power      Damage    Failure   Level
a - Magic Dart            Conj           100%       1d8       0%          1
b - Searing Ray           Conj           100%       2d8       0%          2
c - Iskenderun's Mystic   Conj/Tloc      88%        2d17      1%          4
d - Lightning Bolt        Conj/Air       47%        1d67      1%          5
e - Orb of Destruction    Conj           51%        9d13      3%          7
f - Iskenderun's Battles  Conj           100%       2d15      1%          5
g - Conjure Ball Lightni  Conj/Air       47%        3x3d16    1%          6
h - Stone Arrow           Conj/Erth      100%       3d13      1%          3
i - Summon Lightning Spi  Summ/Air       63%        N/A       1%          4

Your spell library contained the following spells:

 Spells                   Type           Power      Damage    Failure   Level
 Apportation              Tloc           100%       N/A       1%          1
 Freeze                   Ice            100%       1d11      1%          1
 Sandblast                Erth           62%        2d14      1%          1
 Slow                     Hex            100%       N/A       1%          1
 Blink                    Tloc           100%       N/A       1%          2
 Call Imp                 Summ           31%        N/A       1%          2
 Passwall                 Tmut/Erth      25%        N/A       1%          2
 Conjure Flame            Conj/Fire      77%        6-21      1%          3
 Dazzling Flash           Conj/Hex       100%       N/A       1%          3
 Mephitic Cloud           Conj/Pois/Air  79%        N/A       1%          3
 Airstrike                Air            41%        N/A       1%          4
 Fulminant Prism          Conj/Hex       38%        3d18      1%          4
 Hailstorm                Conj/Ice       77%        3d16      1%          4
 Passage of Golubria      Tloc           69%        N/A       1%          4
 Sticky Flame             Conj/Fire      77%        2d9       1%          4
 Fireball                 Conj/Fire      38%        3d16      1%          5
 Confusing Touch          Hex            31%        N/A       2%          3
 Frozen Ramparts          Ice            62%        1d8       2%          3
 Ignite Poison            Fire/Tmut/Pois 31%        N/A       2%          3
 Tukima's Dance           Hex            31%        N/A       2%          3
 Vampiric Draining        Necr           31%        2d8       2%          3
 Manifold Assault         Tloc           69%        N/A       2%          5
 Ice Form                 Ice/Tmut       31%        N/A       9%          4
 Summon Ice Beast         Ice/Summ       31%        N/A       9%          4
 Dispersal                Tloc           34%        N/A       16%         6
 Alistair's Intoxication  Tmut/Pois      20%        N/A       24%         5
 Summon Mana Viper        Hex/Summ       31%        N/A       24%         5
 Yara's Violent Unravell  Hex/Tmut       15%        3d8       24%         5
 Simulacrum               Ice/Necr       15%        N/A       80%         6
 Storm Form               Tmut/Air       31%        N/A       80%         7
 Enfeeble                 Hex            15%        N/A       100%        7
 Monstrous Menagerie      Summ           15%        N/A       100%        7
 Disjunction              Tloc           34%        N/A       100%        8


Dungeon Overview and Level Annotations

Branches:
Dungeon (12/15)            Temple (0/1) D:6            Lair (6/6) D:11
 Shoals (0/4) Lair:2        Snake (0/4) Lair:4        Slime (0/5) Lair:6
    Orc (0/2) D:12          Sewer (visited)

Shops:
D:2 !


Innate Abilities, Weirdness & Mutations

You have an increased reservoir of magic. (+10% MP)
You shall have no god before yourself.
Your divine heritage dramatically boosts your attributes as you level up.


Message History

The dire elephant is severely wounded.
The dire elephant is knocked back by the mystic blast.
The mystic blast hits the dire elephant!!
You kill the dire elephant!
A freezing mist starts to gather...
A dire elephant simulacrum comes into view.
Okay, then.
You are too injured to fight recklessly!
Aiming: Stone Arrow (safe; 1% risk of failure)
Press: ? - help, Q - select action, (/) - cycle Shift-Dir - straight line, f - dire elephant
Aim: a dire elephant (severely wounded, soul bound, 100% to hit)
The stone arrow hits the dire elephant!!
The dire elephant is almost dead.
Aiming: Stone Arrow (safe; 1% risk of failure)
Press: ? - help, Q - select action, (/) - cycle Shift-Dir - straight line, f/p - dire elephant
Aim: a dire elephant (almost dead, soul bound, 100% to hit)
The stone arrow hits the dire elephant!!
You kill the dire elephant!
A freezing mist starts to gather...
A dire elephant simulacrum comes into view.
Aiming: Stone Arrow (safe; 1% risk of failure)
Press: ? - help, Q - select action, (/) - cycle Shift-Dir - straight line, f - dire elephant simulacrum
Aim: a dire elephant simulacrum (100% to hit)
The stone arrow hits the dire elephant simulacrum!
The dire elephant simulacrum is moderately damaged.
The dire elephant simulacrum barely misses you.
The dire elephant simulacrum trunk-slaps you.
* * * LOW HITPOINT WARNING * * *
The dire elephant simulacrum freezes you!!
You resist.
* * * LOW HITPOINT WARNING * * *
You feel much better.
The dire elephant simulacrum tramples you!!
* * * LOW HITPOINT WARNING * * *
You hold your ground!
The dire elephant simulacrum trunk-slaps you.
* * * LOW HITPOINT WARNING * * *
The dire elephant simulacrum freezes you!
You resist.
You die...

####'''########♣P......♣♣######..
....÷.........###....♣####### ##.
###8.⌠.8#####...###♣♣# .....8 ##
.###8.8###.≈###.#### ...Z #
.8#######.≈≈≈≈#....#### Z8####
.)#8...8#≈≈≈≈.####....#+# #####
.[#|(...'≈≈≈≈.#8.####.#.# ##)##
.8#)[...'≈≈≈..Z....P#...# ##'##
.##8...8##≈|.##8@Z..#..8# ♣♣.♣#
## ### ####''#''####♣♣...#
#..#...P#.....## ##P.........♣.##
#.........♣♣##. ##.##..##♣♣ ##
#######


You could see 2 dire elephant simulacra.

Vanquished Creatures
  A spark wasp (shapeshifter) (D:11)
  3 dire elephants (Lair:6)
  2 hydras
  3 boulder beetles
  A catoblepas (Lair:4)
  6 two-headed ogres
  11 death yaks
  A tengu warrior (D:11)
  Nergalle (D:11)
  A spectral anaconda (Lair:6)
  An obsidian statue (Lair:6)
  4 necromancers (Lair:6)
  An ugly thing (D:8)
  2 cyclopes (D:11)
  2 manticores
  23 elephants
  4 black mambas (Lair:3)
  Joseph (D:12)
  2 gargoyles (D:11)
  16 cane toads
  3 torpor snails (Lair:3)
  2 dire elephant zombies (Lair:6)
  3 rime drakes
  3 kobold demonologists (D:12)
  A yaktaur (D:11)
  Maggie (D:7)
  10 komodo dragons
  A polar bear (Lair:3)
  3 trolls
  A snapping turtle (Lair:2)
  3 slime creatures (D:12)
  A hornet (shapeshifter) (D:12)
  Grinder (Sewer)
  2 hornets
  27 blink frogs
  A wyvern (Lair:3)
  53 yaks
  A yak (shapeshifter) (D:11)
  A wraith (D:12)
  2 basilisks
  2 steam dragons
  7 vampire mosquitoes
  Edmund (D:5)
  3 nagas (Lair:4)
  12 water moccasins
  Duvessa (D:4)
  5 orc warriors
  5 ice beasts
  3 sky beasts
  12 black bears
  2 hornet zombies (D:7)
  An ogre (D:4)
  2 elephant skeletons (Lair:6)
  14 wolves
  6 centaurs
  9 kobold brigands
  Blork the orc (D:5)
  2 gnoll sergeants
  9 bullfrogs
  8 necrophages
  A scorpion (D:5)
  A wyvern zombie (D:7)
  A water moccasin zombie (D:7)
  6 wights (D:7)
  Dowan (D:4)
  9 killer bees
  A howler monkey (D:6)
  2 jellies
  5 orc priests
  Crazy Yiuf (D:2)
  7 hounds
  A gnoll shaman (D:7)
  3 iguanas
  10 orc wizards
  A killer bee zombie (D:7)
  4 mummies (D:7)
  Robin (D:2)
  A howler monkey zombie (D:7)
  15 gnolls
  3 adders
  2 river rats (D:3)
  2 shadow imps
  A white imp (D:6)
  3 ufetubi (Sewer)
  An adder zombie (Sewer)
  4 worms
  2 dart slugs (D:1)
  39 orcs
  6 ball pythons
  6 bats
  A bat zombie (Sewer)
  11 endoplasms
  3 giant cockroaches
  9 goblins
  14 hobgoblins
  7 jackals
  5 quokkas
  5 frilled lizards
  A giant cockroach zombie (Sewer)
  32 kobolds
  3 kobold zombies (Sewer)
  8 rats
550 creatures vanquished.

Vanquished Creatures (collateral kills)
  A spectral death yak (Lair:6)
  A wolf (Lair:5)
  3 ball lightnings (Lair:3)
5 creatures vanquished.

Vanquished Creatures (others)
  A kobold brigand (D:6)
  32 ball lightnings
  35 fungi
  91 plants
  31 withered plants
190 creatures vanquished.

Grand Total: 745 creatures vanquished

Notes
Turn   | Place    | Note
-------+----------+-------------------------------------------
     0 | D:1      | horus123 the Demigod Conjurer began the quest for the Orb.
     0 | D:1      | Reached XP level 1. HP: 14/14 MP: 5/5
   233 | D:1      | Reached XP level 2. HP: 7/20 MP: 0/8
  1017 | D:1      | Learned a level 2 spell: Searing Ray
  1265 | D:1      | Reached XP level 3. HP: 26/26 MP: 8/10
  2087 | D:2      | Noticed Robin
  2095 | D:2      | Killed Robin
  2717 | D:2      | Found Mamp's Distillery.
  2816 | D:2      | Found a runed translucent door.
  2817 | D:2      | Noticed Crazy Yiuf
  2825 | D:2      | Killed Crazy Yiuf
  2826 | D:2      | Reached XP level 4. HP: 33/33 MP: 7/13
  2911 | D:3      | Learned a level 4 spell: Iskenderun's Mystic Blast
  3547 | D:3      | Found a glowing drain.
  3575 | Sewer    | Entered a sewer
  3693 | Sewer    | Reached XP level 5. HP: 34/38 MP: 15/15
  3985 | Sewer    | Reached skill level 5 in Spellcasting
  4220 | Sewer    | Noticed Grinder
  4225 | Sewer    | Reached XP level 6. HP: 45/45 MP: 7/17
  4360 | Sewer    | Killed Grinder
  4462 | Sewer    | Identified the +5 spear "Plog" {drain, Int+7}
  4709 | D:3      | Learned a level 5 spell: Lightning Bolt
  5193 | D:4      | Reached XP level 7. HP: 50/50 MP: 16/20
  5855 | D:4      | Noticed Duvessa
  5855 | D:4      | Noticed Dowan
  5874 | D:4      | Killed Duvessa
  5874 | D:4      | Killed Dowan
  6376 | D:5      | Entered Level 5 of the Dungeon
  6469 | D:5      | Reached skill level 5 in Conjurations
  6728 | D:5      | Noticed Edmund
  6745 | D:5      | Killed Edmund
  6746 | D:5      | Reached XP level 8. HP: 57/57 MP: 2/22
  7269 | D:5      | Identified the +6 dagger of Patience {freeze, rElec}
  7787 | D:5      | Noticed Blork the orc
  7795 | D:5      | Killed Blork the orc
  8279 | D:6      | Identified the +2 leather armour of Ybrien {rElec rC+ rCorr
                  | Int+6}
  8344 | D:6      | Reached skill level 1 in Armour
  8648 | D:6      | Reached XP level 9. HP: 62/62 MP: 6/23
  9048 | D:6      | Found a staircase to the Ecumenical Temple.
  9196 | D:6      | Reached skill level 5 in Armour
  9290 | D:6      | Reached skill level 1 in Fighting
  9418 | D:6      | Reached skill level 2 in Fighting
  9567 | D:6      | Reached skill level 3 in Fighting
  9986 | D:7      | Reached skill level 4 in Fighting
  9999 | D:7      | Reached skill level 5 in Fighting
 10265 | D:7      | Reached skill level 6 in Fighting
 10544 | D:7      | Noticed Maggie
 10547 | D:7      | Killed Maggie
 10548 | D:7      | Reached skill level 7 in Fighting
 10625 | D:7      | Reached skill level 8 in Fighting
 10739 | D:7      | Reached skill level 1 in Air Magic
 10739 | D:7      | Reached XP level 10. HP: 88/88 MP: 22/24
 11576 | D:8      | Noticed a white ugly thing
 11580 | D:8      | Killed a white ugly thing
 11581 | D:8      | Reached skill level 5 in Air Magic
 12342 | D:9      | Noticed a two-headed ogre
 12404 | D:9      | Killed a two-headed ogre
 12777 | D:9      | Noticed a two-headed ogre
 12786 | D:9      | Killed a two-headed ogre
 13407 | D:9      | Learned a level 7 spell: Orb of Destruction
 13413 | D:9      | Learned a level 5 spell: Iskenderun's Battlesphere
 13949 | D:10     | Entered Level 10 of the Dungeon
 14699 | D:10     | Reached XP level 11. HP: 81/94 MP: 14/27
 14919 | D:10     | Noticed a two-headed ogre
 14924 | D:10     | Killed a two-headed ogre
 15198 | D:11     | Noticed a two-headed ogre
 15448 | D:11     | Killed a two-headed ogre
 15449 | D:11     | Reached skill level 10 in Conjurations
 16001 | D:11     | You fall into a shaft and drop 1 floor!
 16022 | D:12     | Noticed Joseph
 16134 | D:12     | Killed Joseph
 16610 | D:11     | Noticed a boulder beetle
 16613 | D:11     | Killed a boulder beetle
 16613 | D:11     | Noticed a two-headed ogre
 16777 | D:11     | Noticed a broodmother
 16778 | D:11     | Noticed a spark wasp
 16778 | D:11     | a broodmother changed into a spark wasp
 16832 | D:11     | Killed a spark wasp
 17004 | D:11     | Identified the amulet "Aprekluh" {RegenMP rElec Int+3}
 17278 | D:11     | Noticed a four-headed hydra
 17287 | D:11     | Killed a four-headed hydra
 17396 | D:11     | Killed a two-headed ogre
 17688 | D:11     | Identified the +8 plate armour of Unwaug {Harm rPois MP-9}
 17696 | D:11     | Identified the +1 troll leather armour of Gravitas {rN+
                  | Will+ Regen+}
 17707 | D:11     | Noticed a tengu warrior
 17814 | D:11     | Paralysed by a hornet for 3 turns
 18019 | D:11     | Killed a tengu warrior
 18137 | D:11     | Noticed Nergalle
 18142 | D:11     | Killed Nergalle
 18143 | D:11     | Reached XP level 12. HP: 101/101 MP: 7/28
 18474 | D:11     | Found a staircase to the Lair.
 18728 | D:12     | Noticed a two-headed ogre
 18732 | D:12     | Killed a two-headed ogre
 19231 | D:12     | Found a staircase to the Orcish Mines.
 19769 | Lair:1   | Entered Level 1 of the Lair of Beasts
 19977 | Lair:1   | Noticed a boulder beetle
 19984 | Lair:1   | Killed a boulder beetle
 20162 | Lair:1   | Reached skill level 10 in Spellcasting
 20456 | Lair:1   | Learned a level 6 spell: Conjure Ball Lightning
 21437 | Lair:2   | Reached skill level 9 in Fighting
 21764 | Lair:2   | Reached skill level 10 in Fighting
 22087 | Lair:2   | Found a staircase to the Shoals.
 22572 | Lair:3   | Reached XP level 13. HP: 113/113 MP: 27/33
 22583 | Lair:3   | Learned a level 3 spell: Stone Arrow
 24131 | Lair:4   | Identified the +0 leather armour of Fun {*Corrode rElec
                  | Regen+ Str-3}
 24181 | Lair:4   | Found a staircase to the Snake Pit.
 24494 | Lair:4   | Reached skill level 1 in Translocations
 24902 | Lair:4   | Learned a level 4 spell: Summon Lightning Spire
 24993 | Lair:4   | Reached skill level 5 in Translocations
 25630 | Lair:5   | Identified a scroll of acquirement
 25630 | Lair:5   | Acquired 1143 gold pieces
 26314 | Lair:6   | Entered Level 6 of the Lair of Beasts
 26394 | Lair:6   | Reached XP level 14. HP: 94/121 MP: 19/36
 26585 | Lair:6   | Reached skill level 11 in Fighting
 26834 | Lair:6   | Reached skill level 12 in Fighting
 27003 | Lair:6   | Found a staircase to the Slime Pits.
 27166 | Lair:6   | Identified the +4 quarterstaff of Qazlal's Whim {vorpal,
                  | Dex+4}
 27286 | Lair:6   | Reached skill level 13 in Fighting
 28036 | Lair:6   | Reached skill level 14 in Fighting
 28284 | Lair:6   | HP: 6/133 [dire elephant simulacrum (24)]
 28284 | Lair:6   | Mangled by a dire elephant simulacrum

Illustrated notes

Levels and vault maps discovered:
D:1:      lemuel_arrival_rhombus, layout_loops_ring,
          shapermc_ecumenical_altar_starsandcircs, grunt_decor_mini_mirrors
D:2:      layout_loops_ring, serial_shops, nicolae_shop_waterfront,
          uniq_crazy_yiuf_cottage, uniq_robin
D:3:      layout_basic, portal_sewer_entry_c, kennysheep_generic_room_6
D:4:      layout_layer_cave, nicolae_overflow_squiral, uniq_duvessa
D:5:      layout_loops_corners, uniq_edmund, uniq_blork_the_orc
D:6:      kennysheep_housing_project, layout_cave_pods,
          minmay_temple_entry_fiery
D:7:      layout_basic, serial_undead, serial_undead_a, serial_undead_c,
          serial_undead_f, serial_undead_a, serial_undead_e, serial_undead_c,
          serial_undead_d, uniq_maggie
D:8:      layout_basic
D:9:      layout_layer_cave, hangedman_decor_clover_reticule
D:10:     layout_irregular_city
D:11:     minmay_the_grid_four_pointed_star
          [minmay_the_grid_triangle_9x9_intruding_spiral,
          minmay_the_grid_triangle_9x9_sparse_checkered,
          minmay_the_grid_triangle_9x9_cache,
          minmay_the_grid_triangle_9x9_zippers_horizontal,
          minmay_the_grid_prize_four_corners_diamond_b], layout_rooms,
          david_lair_shrubbed, uniq_nergalle
D:12:     layout_layer_cave, orc_0_dummy, minmay_sticks_and_stones
Lair:1:   layout_chaotic_city, nzn_masters_of_martial_movement
Lair:2:   layout_roguey, minmay_shoals_entry_hut, beast_lair_carwin_8
Lair:3:   nzn_winding_woodlands_stair_trap [nzn_winding_woodlands_5x15_pool,
          nzn_winding_woodlands_5x15_default, nzn_winding_woodlands_5x15_parted,
          nzn_winding_woodlands_15x15_killbox,
          nzn_winding_woodlands_5x15_split_checker,
          nzn_winding_woodlands_5x15_garden,
          nzn_winding_woodlands_5x15_default], layout_gridlike,
          beast_lair_carwin_10
Lair:4:   beast_lair_carwin_large_4, layout_gridlike,
          minmay_snake_entry_guardpost_small, grunt_megastairs_3,
          infiniplex_staircase_pool
Lair:5:   layout_regular_city
Lair:6:   due_jungle_book, layout_cave_pods, slime_altar_1

Skill      XL: |  1  2  3  4  5  6  7  8  9 10 11 12 13 14 |
---------------+-------------------------------------------+-----
Spellcasting   | 2 3 4 5 6 7 8 11 13 | 13.0
Conjurations   | 6 8 9 13 | 13.4
Armour         | 4 5 |  5.0
Fighting       | 8 10 14 | 14.3
Air Magic      | 1 6 8 |  8.1
Translocations | 5 |  5.2
Dodging        | |  1.7
Stealth        | |  1.7

Action                   |  1- 3 |  4- 6 |  7- 9 | 10-12 | 13-15 || total
-------------------------+-------+-------+-------+-------+-------++-------
Melee: Unarmed           |     5 |       |       |       |       ||     5
       Quarterstaff      |       |    23 |       |       |       ||    23
       Spear             |       |     5 |   188 |   156 |    92 ||   441
       Punch             |       |       |     2 |     3 |     1 ||     6
 Cast: Magic Dart        |   101 |    85 |    70 |   159 |    20 ||   435
       Searing Ray       |     4 |    12 |    29 |    73 |    12 ||   130
       Iskenderun's Myst |       |       |    29 |    94 |    66 ||   189
       Lightning Bolt    |       |       |     3 |    47 |    17 ||    67
       Iskenderun's Batt |       |       |       |    13 |     4 ||    17
       Conjure Ball Ligh |       |       |       |     1 |    12 ||    13
       Orb of Destructio |       |       |       |     1 |     2 ||     3
       Stone Arrow       |       |       |       |       |   160 ||   160
       Summon Lightning  |       |       |       |       |     3 ||     3
  Use: Scroll            |     3 |    10 |    10 |    12 |     2 ||    37
       Potion            |       |     1 |     3 |     1 |     1 ||     6
 Stab: Sleeping          |       |       |     1 |       |     3 ||     4
Armor: Robe              |     5 |    26 |     8 |       |       ||    39
       Leather armour    |       |       |    67 |    91 |    82 ||   240
Dodge: Dodged            |    30 |    39 |   152 |   192 |   130 ||   543
Block: Other             |       |       |    32 |    60 |       ||    92
       Reflection        |       |       |     2 |     7 |       ||     9

Table legend: (Time is in decaauts)
 A = Elapsed time spent in this place.
 B = Non-inter-level travel time spent in this place.
 C = Inter-level travel time spent in this place.
 D = Time resting spent in this place.
 E = Time spent auto-exploring this place.
 F = Levels seen in this place.
 G = Mean time per level.
                   A        B        C        D        E       F      G
               +--------+--------+--------+--------+--------+-----+--------+
         Total |  28421 |  27753 |    668 |   6985 |  16560 |  19 | 1495.8 |
       Dungeon |  18961 |  18516 |    445 |   4937 |  11054 |  12 | 1580.1 |
          Lair |   8549 |   8327 |    222 |   1747 |   5104 |   6 | 1424.8 |
         Sewer |    911 |    911 |      0 |    301 |    401 |   1 |  911.0 |
               +--------+--------+--------+--------+--------+-----+--------+

Top non-repeatable levels by time:
    D:10: 2417 daAuts
  Lair:6: 1943 daAuts
     D:6: 1943 daAuts
  Lair:3: 1828 daAuts
     D:7: 1764 daAuts
    D:11: 1741 daAuts
    D:12: 1693 daAuts
     D:1: 1691 daAuts
     D:5: 1672 daAuts
     D:4: 1557 daAuts
  Lair:4: 1421 daAuts
     D:2: 1354 daAuts
  Lair:1: 1277 daAuts
  Lair:2: 1273 daAuts
     D:9: 1191 daAuts
